 Dungeon Crawl Stone Soup version 0.28.0-45-g0d030f2227 (webtiles) character file.

Game seed: 15903348167674109778

731 MisterFreud the Ruffian (level 7, -3/59 HPs)
             Began as a Red Draconian Transmuter on Apr 22, 2022.
             Slain by Prince Ribbit (11 damage)
             ... on level 5 of the Dungeon.
             The game lasted 00:05:34 (4543 turns).

MisterFreud the Ruffian (Red Draconian Transmuter)  Turns: 4543, Time: 00:05:35

Health: -3/59      AC:  7    Str: 12    XL:     7   Next: 45%
Magic:  9/10       EV: 12    Int: 16    God:
Gold:   273        SH:  0    Dex: 11    Spells: 4/10 levels left

rFire   + . .      SeeInvis .     - Unarmed
rCold   . . .      Faith    .   (no shield)
rNeg    . . .      Spirit   .   (armour unavailable)
rPois   .          Reflect  .   (helmet restricted)
rElec   .          Harm     .   k - +0 cloak
rCorr   .          Rampage  .   (no gloves)
Will    .....                   (no boots)
Stlth   +.........              (no amulet)
HPRegen 0.19/turn               (no ring)
MPRegen 0.12/turn               (no ring)

@: no status effects
A: breathe fire, AC +6, unfitting armour, fire resistance 1, cold-blooded
a: Breathe Fire


You were on level 5 of the Dungeon.
You visited 1 branch of the dungeon, and saw 5 of its levels.

You collected 273 gold pieces.

Inventory:

Missiles
 a - 5 atropa-tipped darts
Armour
 k - a +0 cloak (worn)
Jewellery
 b - a ring of ice
 l - a ring of protection from fire
Scrolls
 d - 2 scrolls of teleportation
 i - a scroll of enchant armour {unknown}
 j - a scroll of blinking {unknown}
Potions
 c - 3 potions of flight
 e - 2 potions of cancellation
 f - 2 potions of lignification {unknown}
 g - a potion of brilliance {unknown}
 h - a potion of curing {unknown}


   Skills:
 - Level 4.0 Fighting
 + Level 2.9 Dodging
 - Level 6.0 Unarmed Combat
 - Level 2.0 Spellcasting
 - Level 5.0 Transmutations


You had 4 spell levels left.
You knew the following spells:

 Your Spells              Type           Power      Damage    Failure   Level
a - Beastly Appendage     Tmut           34%        N/A       2%          1
b - Wereblood             Tmut           17%        N/A       4%          2
c - Spider Form           Tmut/Pois      9%         N/A       22%         3

Your spell library contained the following spells:

 Spells                   Type           Power      Damage    Failure   Level
 Passwall                 Tmut/Erth      7%         N/A       11%         2
 Sandblast                Erth           2%         2d4       21%         1
 Shock                    Conj/Air       4%         1d3       21%         1
 Summon Small Mammal      Summ           4%         N/A       21%         1
 Call Canine Familiar     Summ           1%         N/A       52%         3
 Gell's Gravitas          Tloc           1%         N/A       52%         3
 Ozocubu's Armour         Ice            1%         N/A       52%         3
 Stone Arrow              Conj/Erth      2%         3d7       52%         3
 Summon Guardian Golem    Hex/Summ       1%         N/A       52%         3
 Swiftness                Air            1%         N/A       52%         3
 Teleport Other           Tloc           1%         N/A       52%         3
 Ice Form                 Ice/Tmut       9%         N/A       58%         4
 Airstrike                Air            0%         N/A       90%         4
 Animate Dead             Necr           0%         N/A       90%         4
 Borgnjor's Vile Clutch   Necr/Erth      0%         N/A       99%         5
 Metabolic Englaciation   Hex/Ice        0%         N/A       99%         5
 Death Channel            Necr           0%         N/A       100%        6
 Dispersal                Tloc           0%         N/A       100%        6
 Simulacrum               Ice/Necr       0%         N/A       100%        6


Dungeon Overview and Level Annotations

Branches:
Dungeon (5/15)
 Temple: D:4-7

Altars:
Ashenzari

Annotations:
D:5 Prince Ribbit


Innate Abilities, Weirdness & Mutations

You can breathe blasts of fire.
Your fiery red scales are hard. (AC +6)
You cannot fit into any form of body armour.
Your flesh is heat resistant. (rF+)
You are cold-blooded and may be slowed by cold attacks.


Message History

Unknown command.
Casting: Spider Form (dangerous; 22% risk of failure)
Confirm with . or Enter, or press ? or * to list all spells.
You turn into a venomous arachnid creature.
Your +0 cloak melds into your body.
Prince Ribbit comes into view.
The iguana bites you!
You barely miss the iguana.
The iguana is severely wounded.
The iguana misses you.
There are monsters nearby!
You barely miss the iguana.
The iguana is severely wounded.
Prince Ribbit croaks.
The iguana misses you.
There are monsters nearby!
You hit the iguana.
The iguana is almost dead.
Prince Ribbit blinks!
The iguana bites you!
You hit the iguana.
You kill the iguana!
No target in view!
Prince Ribbit blinks!
Your transformation is almost over.
There is an open door here.
You bite Prince Ribbit!
Prince Ribbit is poisoned.
Prince Ribbit is moderately wounded.
Prince Ribbit hits you!
Prince Ribbit hops awkwardly around.
Prince Ribbit hits you!
* * * LOW HITPOINT WARNING * * *
You barely miss Prince Ribbit.
Prince Ribbit is moderately wounded.
Prince Ribbit completely misses you. Prince Ribbit closely misses you.
Your transformation has ended.
Your +0 cloak unmelds from your body.
You have got your breath back.
Prince Ribbit hits you!
You die...

###### #....###########
#....+.....#...#
#....#.....#...#
####....#.....#...#
........#.....#...#
....##'##.....#...#
....#......)..##..#....#
....+.........##@.#....#
....##+##).....#F.#....#
#'###..##).....#..#....#
..#......).....#..#....#
..#............#..#....#
..##...##.....###'#....#
..##...##.....#........#
.......#......#........#
.......########........#


You could see Prince Ribbit (very poisoned).

Vanquished Creatures
  2 necrophages
  An ogre (D:3)
  A centaur (D:5)
  Blork the orc (D:4)
  A howler monkey (D:5)
  An orc priest (D:5)
  An iguana (D:5)
  An orc wizard (D:5)
  Natasha (twice) (D:2)
  7 adders
  An ufetubus (D:4)
  An adder skeleton (D:4)
  2 worms
  A dart slug (D:4)
  6 orcs
  10 ball pythons
  4 endoplasms
  A giant cockroach (D:3)
  3 goblins (D:4)
  7 hobgoblins
  10 jackals
  3 kobolds
  5 quokkas
  8 bats
  A frilled lizard (D:1)
  8 rats
89 creatures vanquished.

Notes
Turn   | Place    | Note
-------+----------+-------------------------------------------
     0 | D:1      | MisterFreud the Draconian Transmuter began the quest for
                  | the Orb.
     0 | D:1      | Reached XP level 1. HP: 16/16 MP: 3/3
   185 | D:1      | Reached XP level 2. HP: 20/23 MP: 3/5
   207 | D:1      | Learned a level 2 spell: Wereblood
   791 | D:1      | Found a faded altar of an unknown god.
   985 | D:2      | Noticed Natasha
   986 | D:2      | Noticed a crimson imp
  1121 | D:2      | Reached XP level 3. HP: 26/28 MP: 6/6
  1175 | D:1      | Learned a level 3 spell: Spider Form
  1307 | D:2      | Killed Natasha
  1356 | D:2      | Reached XP level 4. HP: 30/35 MP: 5/7
  1435 | D:2      | Noticed Natasha
  1441 | D:2      | Killed Natasha
  1767 | D:3      | Noticed an ogre
  1781 | D:3      | Killed an ogre
  1782 | D:3      | Reached skill level 5 in Transmutations
  1782 | D:3      | Reached XP level 5. HP: 45/45 MP: 5/8
  3045 | D:4      | Noticed Blork the orc
  3056 | D:4      | Killed Blork the orc
  3057 | D:4      | Reached XP level 6. HP: 39/52 MP: 3/9
  3402 | D:4      | Reached skill level 4 in Unarmed Combat
  3716 | D:4      | Found a broken altar of Ashenzari.
  3977 | D:5      | Entered Level 5 of the Dungeon
  4008 | D:5      | Reached skill level 5 in Unarmed Combat
  4008 | D:5      | Your scales start taking on a fiery red colour.
  4008 | D:5      | Reached XP level 7. HP: 42/59 MP: 4/10
  4008 | D:5      | Gained mutation: Your flesh is heat resistant. (rF+) [Red
                  | Draconian growth]
  4321 | D:5      | Reached skill level 6 in Unarmed Combat
  4527 | D:5      | Noticed Prince Ribbit
  4543 | D:5      | Slain by Prince Ribbit

Illustrated notes

Levels and vault maps discovered:
D:1:      eino_arrival_druids_welcome, layout_basic,
          shapermc_ecumenical_altar_notcrosses
D:2:      layout_rooms, kennysheep_generic_room_9, uniq_natasha
D:3:      layout_loops_cross, chequers_serial_rivers_small_b,
          chequers_serial_rivers_small_3
D:4:      layout_loops_cross, ashenzari_conservatory_becter,
          serial_bayou_pond_e, chequers_serial_rivers_micro_c, minivault_25,
          uniq_blork_the_orc
D:5:      layout_gridville, uniq_menkaure, uniq_prince_ribbit1

Skill      XL: |  1  2  3  4  5  6  7 |
---------------+----------------------+-----
Transmutations | 3 4 5 |  5.0
Fighting       | 3 4 |  4.0
Unarmed Combat | 5 6 |  6.0
Dodging        | 2 |  2.9
Spellcasting   | |  2.0

Action                   |  1- 3 |  4- 6 |  7- 9 || total
-------------------------+-------+-------+-------++-------
Melee: Unarmed           |   117 |   164 |    41 ||   322
       Kick              |    19 |    23 |       ||    42
       Headbutt          |     9 |    14 |       ||    23
       Tailslap          |    10 |     7 |       ||    17
       Punch             |     2 |     1 |       ||     3
 Cast: Beastly Appendage |    19 |    26 |       ||    45
       Spider Form       |     1 |     5 |     3 ||     9
 Abil: Breathe Fire      |       |       |     2 ||     2
  Use: Scroll            |       |     6 |       ||     6
 Stab: Sleeping          |     1 |     1 |       ||     2
Armor: Skin              |    53 |    44 |     5 ||   102
Dodge: Dodged            |   135 |   105 |    20 ||   260
